AoeStats
← 𝔽𝔸ℕ𝕋𝕆𝕄

Team Islands

503144032Analyzed
3v3 RM · 1mo ago on Aug 30, 2026· 74m 26s· 6 players
Game mode
Random Map
Map size
Large (8 player)
Population
200
Speed
Normal
Resources
Standard
Victory
Conquest
Starting age
Dark Age
Ending age
Imperial Age
RankedLock teamsTeams togetherTeam positionsShared explorationLock speedFull tech treeHidden civsTurbo modeCheats
Victory
Defeat
🇩🇪 Malay · Germany
423
+19
🇵🇱 Huns · Poland
399
+20
🇹🇷 Turks · Türkiye
329
+23
🇭🇺 Spanish · Hungary
517
-27
🇭🇺 Turks · Hungary
490
-30
🇭🇺 Teutons · Hungary
479
-23
splashii
11:35 Feudal Age
12:13 Fishing Lines
18:22 Castle Age
16:13 Horse Collar
20:26 Gillnets
20:28 Double-Bit Axe
20:46 Heavy Plow
21:32 Wheelbarrow
21:20 Gold Mining
24:06 Medium Warships
25:12 Heavy Plow
25:27 Bow Saw
29:24 Gold Shaft Mining
30:27 Hand Cart
30:07 Stone Mining
30:33 Bloodlines
30:24 Husbandry
30:38 Forging
30:34 Scale Barding Armor
33:38 Iron Casting
33:23 Chain Barding Armor
33:04 Scale Mail Armor
38:14 Imperial Age
36:31 Marauders
38:49 Chain Mail Armor
38:54 Cavalier
40:40 Blast Furnace
40:16 Plate Barding Armor
39:05 Pikeman
39:46 Squires
40:04 Paladin
40:24 Elite Tarkan
41:27 Conscription
40:28 Elite Tarkan
43:56 Atheism
53:25 Halberdier
Burrito
0:35 Loom
13:37 Feudal Age
13:10 Horse Collar
13:19 Double-Bit Axe
15:48 Stone Mining
15:50 Gold Mining
17:41 Wheelbarrow
16:51 Town Watch
25:13 Castle Age
27:09 Bow Saw
27:01 Heavy Plow
27:38 Stone Shaft Mining
27:42 Gold Shaft Mining
30:59 Hand Cart
30:45 Town Patrol
30:59 Forging
30:40 Fletching
30:50 Padded Archer Armor
30:56 Scale Barding Armor
32:05 Arson
32:20 Squires
32:48 Medium Warships
34:43 Demolition Ship
39:36 Caravan
39:27 Fishing Lines
40:31 Iron Casting
39:52 Bodkin Arrow
40:12 Leather Archer Armor
40:01 Husbandry
39:21 Light Cavalry
40:08 Thumb Ring
39:24 Crossbowman
39:24 Elite Skirmisher
39:26 Man-at-Arms
39:27 Pikeman
45:25 Imperial Age
42:18 Long Swordsman
44:17 Gillnets
44:52 Careening
44:56 Clinker Construction
44:57 Siphons
45:14 Shipwright
45:56 Chemistry
45:28 Heavy Warships
47:26 Two-Handed Swordsman
47:26 Halberdier
48:12 Forced Levy
48:40 Conscription
48:34 Thalassocracy
51:03 Arbalester
51:55 Elite Battle Elephant
63:58 Blast Furnace
62:59 Bracer
63:29 Ring Archer Armor
63:37 Crop Rotation
63:48 Cavalier
Onurkdv
14:08 Feudal Age
15:28 Wheelbarrow
14:54 Horse Collar
15:31 Fishing Lines
19:06 Double-Bit Axe
19:46 Gold Mining
20:18 Stone Mining
27:00 Castle Age
27:33 Gillnets
28:09 Medium Warships
29:34 Hand Cart
29:36 Bow Saw
31:21 Gold Shaft Mining
34:40 Imperial Age
34:28 Ballistics
36:51 Heavy Warships
37:12 Siphons
40:37 Parthian Tactics
40:12 Heavy Cavalry Archer
43:04 Heavy Camel Rider
43:46 Husbandry
43:56 Elite Cannon Galleon
45:12 Caravan
44:45 Elite Janissary
45:37 Heavy Plow
46:42 Two-Man Saw
47:22 Coinage
47:20 Demolition Ship
SuperWig8116553
14:26 Feudal Age
15:11 Horse Collar
17:26 Double-Bit Axe
23:11 Castle Age
24:04 Gold Mining
29:02 Wheelbarrow
33:28 Imperial Age
31:45 Stone Mining
32:30 Gold Shaft Mining
32:12 Bow Saw
33:58 Hand Cart
34:23 Heavy Plow
35:35 Two-Man Saw
37:01 Coinage
36:32 Caravan
36:17 Elite Cannon Galleon
36:18 Demolition Ship
36:40 Fishing Lines
36:51 Cavalier
36:52 Heavy Camel Rider
38:52 Scale Barding Armor
38:48 Padded Archer Armor
38:38 Fletching
38:59 Forging
38:49 Scale Mail Armor
39:05 Artillery
40:34 Banking
40:49 Sipahi
43:46 Chain Barding Armor
43:42 Leather Archer Armor
43:43 Chain Mail Armor
44:04 Iron Casting
43:22 Heavy Demolition Ship
44:14 Medium Warships
43:54 Gillnets
45:23 Elite Janissary
61:30 Guilds
𝔽𝔸ℕ𝕋𝕆𝕄
13:38 Feudal Age
14:09 Double-Bit Axe
15:32 Horse Collar
17:05 Wheelbarrow
17:39 Fishing Lines
18:13 Gold Mining
21:31 Scale Mail Armor
21:42 Forging
23:35 Castle Age
22:43 Stone Mining
24:25 Heavy Plow
24:38 Bow Saw
24:17 Gambesons
26:34 Stone Shaft Mining
27:46 Caravan
28:16 Fervor
28:34 Squires
27:55 Pikeman
28:55 Chain Mail Armor
29:16 Iron Casting
30:09 Hand Cart
37:19 Inquisition
41:34 Imperial Age
38:53 Town Watch
42:11 Scale Barding Armor
42:13 Padded Archer Armor
41:41 Elite Conquistador
42:02 Sappers
43:07 Hoardings
42:53 Conscription
42:55 Supremacy
44:22 Medium Warships
43:33 Demolition Ship
44:30 Siphons
45:26 Chemistry
44:46 Ballistics
45:17 Halberdier
46:25 Chain Barding Armor
46:36 Plate Mail Armor
47:06 Blast Furnace
55:56 Elite Cannon Galleon
Zertox_7
12:16 Feudal Age
12:52 Double-Bit Axe
12:53 Horse Collar
24:56 Castle Age
25:53 Wheelbarrow
25:42 Scale Mail Armor
25:54 Forging
26:37 Bow Saw
26:31 Heavy Plow
30:38 Caravan
31:20 Iron Casting
31:01 Chain Mail Armor
31:20 Hand Cart
32:09 Fishing Lines
33:04 Stone Mining
38:06 Imperial Age
39:07 Elite Teutonic Knight
43:47 Chemistry
42:59 Masonry
43:11 Ballistics
42:59 Siege Engineers
43:36 Plate Mail Armor
44:07 Blast Furnace
Connection lost

Rejoining the realm…

Still unreachable

The connection could not be restored.

Session expired

The server has moved on; the page needs a fresh start.